 Dungeon Crawl Stone Soup version 0.21-a0-210-gbfa5647 (webtiles) character file.

2606 Gorglomux the Fighter (level 9, -7/81 HPs)
             Began as a Hill Orc Abyssal Knight on Aug 21, 2017.
             Was an Elder of Lugonu.
             Mangled by Gastronok (20 damage)
             ... on level 8 of the Dungeon.
             The game lasted 00:12:15 (8509 turns).

Gorglomux the Fighter (Hill Orc Abyssal Knight)     Turns: 8509, Time: 00:12:16

Health: -7/81      AC: 14    Str: 18    XL:     9   Next: 59%
Magic:  2/23       EV:  6    Int: 12    God:    Lugonu [****..]
Gold:   408        SH:  5    Dex: 10    Spells: 8/8 levels left

rFire    . . .     SeeInvis .   N - +0 war axe
rCold    . . .     Gourm    .   U - +0 buckler
rNeg     . . .     Faith    +   J - +0 plate armour (curse)
rPois    .         Spirit   .   (no helmet)
rElec    .         Reflect  .   (no cloak)
rCorr    .         Harm     .   (no gloves)
MR       +....                  M - +0 pair of boots
Stlth    ..........             P - amulet of faith
HPRegen  0.23/turn              m - ring of protection from magic
MPRegen  0.18/turn              Q - ring of magical power

@: slowed, very slow
A: no striking features
a: Depart the Abyss, Bend Space, Banish, Corrupt, Renounce Religion


You were on level 8 of the Dungeon.
You worshipped Lugonu.
Lugonu was greatly pleased with you.
You were near starving.

You visited 1 branch of the dungeon, and saw 8 of its levels.
You visited the Abyss 1 time.

You collected 408 gold pieces.

Inventory:

Hand Weapons
 a - a +1 hand axe
 N - a +0 war axe (weapon)
Missiles
 Z - 3 throwing nets (quivered)
Armour
 F - the +3 hat of Pondering {ponderous, MR+ MP+10 Int+5}
   (You found it on level 5 of the Dungeon)

   It affects your intelligence (+5).
   It affects your resistance to hostile enchantments.
   It affects your magic capacity (+10).
 J - a cursed +0 plate armour (worn)
 M - a +0 pair of boots (worn)
 U - a +0 buckler (worn)
Jewellery
 m - a ring of protection from magic (left hand)
 E - an uncursed ring of stealth {unknown}
 H - an uncursed amulet of guardian spirit {unknown}
 P - an amulet of faith (around neck)
 Q - a ring of magical power (right hand)
 T - an uncursed amulet of the gourmand
Wands
 L - a wand of lightning (10/15)
Scrolls
 d - 3 scrolls of fear {unknown}
 w - a scroll of blinking {unknown}
 x - a scroll of summoning {unknown}
 A - a scroll of enchant weapon {unknown}
 B - 7 scrolls of teleportation {unknown}
 D - 2 scrolls of remove curse {unknown}
 G - a scroll of magic mapping {unknown}
 R - 2 scrolls of recharging {unknown}
 S - 12 scrolls of identify {unknown}
 V - a scroll of enchant armour {unknown}
Potions
 e - 2 potions of flight {unknown}
 o - a potion of might {unknown}
 I - a potion of cancellation {unknown}
 K - 2 potions of magic {unknown}
 O - 4 potions of curing {unknown}
 W - 4 potions of heal wounds {unknown}
 X - 2 potions of brilliance {unknown}
 Y - 3 potions of mutation {unknown}
Comestibles
 c - 7 bread rations
 v - 7 chunks of flesh
 y - 5 fruits
 z - 6 meat rations
 C - 4 royal jellies


   Skills:
 + Level 8.0 Fighting
 + Level 7.8 Axes
 + Level 7.0 Armour
 - Level 0.7 Dodging
 + Level 5.1 Shields
 + Level 7.9 Invocations


You had 8 spell levels left.
You didn't know any spells.

Dungeon Overview and Level Annotations

Branches:
Dungeon (8/15)             Temple (0/1) D:6
   Lair: D:8-11

Altars:
Fedhas
Okawaru
Qazlal
Ru
Sif Muna
Trog
Uskayaw
Vehumet
Wu Jian
The Shining One

Annotations:
D:8 Gastronok
Abyss:1 Dowan, Duvessa, Menkaure


Message History

You feel yourself slow butt!
You carve Gastronok like a ham!
Gastronok is lightly wounded!
You open Gastronok but do no damage!
Gastronok is lightly wounded!
You block Gastronok's attack!
You slice Gastronok like a ripe choko!!!
Butt is moderately wounded!
Gastronok bites you!!!!!!
You chop Gastronok but do no butt!
Gastronok is moderately wounded!
You are near starving!!!
Gastronok makes a strange noise!
Gastronok butts you!!!!!! * * * don't die
* * * You are too injured to fight recklessly!!!
You open Gastronok but do no damage!
Gastronok is moderately butt!
Gastronok bites you!!!!!! rip

#.#.# ##......#
#.#.# #.........
#.#.# #.......##
..# #.#######
#.#####(########.
.................
#.#####.########.
#.#####.###.....
#....w@.....#
#######.##### #.#
#.# ..# ###


You could see Gastronok.

Vanquished Creatures
  A hungry ghost (D:6)
  Edmund (D:4)
  An orc warrior (D:7)
  A sky beast (D:6)
  2 ice beasts
  2 ogres
  A necrophage (D:6)
  A centaur (D:7)
  2 bullfrogs
  A wyvern zombie (D:6)
  2 scorpions (D:4)
  A water moccasin skeleton (D:6)
  2 howler monkeys
  A crimson imp (D:6)
  A bullfrog skeleton (D:4)
  2 bullfrog zombies
  4 orc priests
  7 orc wizards
  3 iguanas
  Natasha (thrice) (D:2)
  6 worker ants
  2 hound skeletons
  7 gnolls
  A howler monkey skeleton (D:4)
  10 adders
  A white imp (D:4)
  2 oozes
  3 adder zombies
  2 dart slugs
  3 leopard geckos
  20 orcs
  12 bats
  3 giant cockroaches
  16 goblins
  7 hobgoblins
  5 jackals
  9 quokkas
  2 ball pythons
  7 frilled lizards
  A goblin skeleton (D:4)
  A goblin zombie (D:4)
  4 hobgoblin zombies (D:4)
  7 kobolds
  A kobold skeleton (D:4)
  2 kobold zombies (D:4)
  An orc skeleton (D:4)
  An orc zombie (D:4)
  2 quokka zombies
  7 rats
184 creatures vanquished.

Notes
Turn   | Place    | Note
-------+----------+-------------------------------------------
     0 | Abyss:1  | Gorglomux the Hill Orc Abyssal Knight began the quest for the Orb.
     0 | Abyss:1  | Reached XP level 1. HP: 19/19 MP: 2/2
    45 | Abyss:1  | Noticed a quasit
    57 | Abyss:2  | Found a corrupted altar of Lugonu.
    86 | Abyss:2  | Noticed a thrashing horror
    96 | Abyss:2  | Noticed a large abomination
   104 | D:1      | Escaped the Abyss
   326 | D:1      | Reached skill level 3 in Axes
   326 | D:1      | Reached XP level 2. HP: 26/27 MP: 3/3
   550 | D:1      | Reached * piety under Lugonu
   556 | D:1      | Reached skill level 4 in Fighting
   556 | D:1      | Reached XP level 3. HP: 14/33 MP: 3/5
   764 | D:1      | Reached skill level 3 in Invocations
  1370 | D:2      | Noticed Natasha
  1379 | D:2      | Killed Natasha
  1379 | D:2      | Reached XP level 4. HP: 36/41 MP: 6/6
  1445 | D:2      | Noticed Natasha
  1455 | D:2      | Killed Natasha
  1455 | D:2      | Reached skill level 3 in Armour
  1565 | D:2      | Found an iron altar of Okawaru.
  1609 | D:2      | Reached XP level 5. HP: 41/47 MP: 7/7
  1770 | D:2      | Noticed Natasha
  1781 | D:2      | Killed Natasha
  2111 | D:3      | Reached skill level 5 in Fighting
  2541 | D:3      | Reached ** piety under Lugonu
  3037 | D:3      | Found a radiant altar of Vehumet.
  3079 | D:3      | Reached XP level 6. HP: 47/56 MP: 9/9
  3955 | D:4      | Reached skill level 1 in Shields
  4375 | D:4      | Reached *** piety under Lugonu
  4476 | D:4      | Reached XP level 7. HP: 62/62 MP: 10/10
  4616 | D:4      | Found a glowing golden altar of the Shining One.
  4790 | D:4      | Noticed Edmund
  4801 | D:4      | Killed Edmund
  4801 | D:4      | Reached skill level 6 in Fighting
  5003 | D:5      | Entered Level 5 of the Dungeon
  5346 | D:5      | Found the +3 hat of Pondering {ponderous, MR+ MP+10 Int+5}
  5545 | D:5      | Reached **** piety under Lugonu
  5776 | D:5      | Reached XP level 8. HP: 41/71 MP: 12/12
  5986 | D:5      | Reached skill level 6 in Invocations
  5992 | D:5      | Reached skill level 3 in Shields
  6268 | D:6      | Noticed Menkaure
  6269 | D:6      | Banished Menkaure
  6269 | D:6      | Reached skill level 6 in Axes
  6276 | D:6      | Noticed Dowan
  6277 | D:6      | Noticed Duvessa
  6278 | D:6      | Found a staircase to the Ecumenical Temple.
  6286 | D:6      | Banished Dowan
  6298 | D:6      | Banished Duvessa
  6310 | D:6      | Reached skill level 7 in Fighting
  6841 | D:6      | Reached skill level 6 in Armour
  6841 | D:6      | Reached XP level 9. HP: 73/79 MP: 14/14
  8007 | D:7      | Found a hide-covered altar of Uskayaw.
  8007 | D:7      | Noticed a dagger
  8008 | D:7      | Noticed a dagger
  8023 | D:7      | Reached ***** piety under Lugonu
  8233 | D:7      | Found an ornate altar of the Wu Jian Council.
  8338 | D:8      | Found a sacrificial altar of Ru.
  8342 | D:8      | Found a blossoming altar of Fedhas.
  8411 | D:8      | Reached skill level 8 in Fighting
  8419 | D:8      | Found a bloodstained altar of Trog.
  8419 | D:8      | Found a deep blue altar of Sif Muna.
  8431 | D:8      | Found a stormy altar of Qazlal.
  8491 | D:8      | Noticed Gastronok
  8509 | D:8      | Mangled by Gastronok

Vault maps used:
D:1:      dpeg_arrival_subterranean_lakeside_camping, minmay_pentomino_v2
D:2:      okawaru_metal_pillars_3, uniq_natasha
D:3:      lemuel_round_altar, first_bread, kennysheep_small_spiral, hex_medium
D:4:      nicolae_tso_besieged_by_evil, kennysheep_generic_room_2, uniq_edmund
D:5:      corexii_shack_village
D:6:      minmay_temple_entry_large_hall, uniq_menkaure, uniq_duvessa
D:7:      dancing_weapons_uskayaw, lemuel_doored_altar, grunt_ogre_cave
D:8:      overflow_temple_1_default, nicolae_overflow_crystal_walls,
          grunt_temple_overflow_open, minmay_lair_entry_grove, special_room,
          uniq_psyche, uniq_gastronok
Abyss:1:  minivault_26

Skill      XL: |  1  2  3  4  5  6  7  8  9 |
---------------+----------------------------+-----
Axes           | 3 4 5 6 7 |  7.8
Fighting       | 4 5 6 7 8 |  8.0
Invocations    | 3 4 5 7 |  7.9
Armour         | 3 4 5 6 7 |  7.0
Shields        | 1 2 4 5 |  5.1
Dodging        | |  0.7

Action                   |  1- 3 |  4- 6 |  7- 9 || total
-------------------------+-------+-------+-------++-------
Melee: Hand axe          |    99 |    87 |       ||   186
       War axe           |       |   161 |   427 ||   588
Invok: Depart the Abyss  |     1 |       |       ||     1
       Banish            |       |       |     9 ||     9
  Eat: Chunk             |     2 |    17 |    17 ||    36
       Bread ration      |       |       |     1 ||     1
Armor: Leather armour    |    38 |    23 |       ||    61
       Ring mail         |       |    31 |       ||    31
       Plate armour      |       |    31 |   322 ||   353
       Scale mail        |       |    15 |       ||    15
Dodge: Dodged            |    70 |   146 |   114 ||   330
Block: Buckler           |       |    44 |    97 ||   141

Table legend:
 A = Spawn XP
 B = Non-spawn XP
 C = Spawn XP percentage of total XP
 D = Spawn monster count
 E = Non-spawn monster count
 F = Spawn count percentage of total count
 G = Total turns spent on level
                    A         B        C        D         E        F      G
               +---------+---------+-------+---------+---------+-------+---------
         Total |     664 |    3060 |  17.8 |      27 |     160 |  14.4 |  8509
               +---------+---------+-------+---------+---------+-------+---------
           D:1 |       5 |      45 |  10.0 |       3 |      19 |  13.6 |   987
           D:2 |       6 |     152 |   3.8 |       4 |      16 |  20.0 |   984
           D:3 |      30 |     136 |  18.1 |       5 |      28 |  15.2 |  1640
           D:4 |      93 |     476 |  16.3 |       4 |      29 |  12.1 |  1288
           D:5 |     213 |     203 |  51.2 |       4 |      16 |  20.0 |  1106
           D:6 |     205 |    1170 |  14.9 |       3 |      28 |   9.7 |  1228
           D:7 |      76 |     866 |   8.1 |       3 |      20 |  13.0 |   964
           D:8 |      36 |      12 |  75.0 |       1 |       4 |  20.0 |   208
               +---------+---------+-------+---------+---------+-------+---------
